 Dungeon Crawl Stone Soup version 0.25-a0-875-geaba134f46 (webtiles) character file.

Game seed: 17378939982442790618, levelgen mode: deterministic

122997 Esekla the Thaumaturge (level 16, -2/81 HPs)
             Began as a Vine Stalker Wizard on Apr 30, 2020.
             Was a High Priest of Ashenzari.
             Shot with a bolt by a naga sharpshooter (16 damage)
             ... on level 4 of the Snake Pit on May 1, 2020.
             The game lasted 06:20:27 (33755 turns).

Esekla the Thaumaturge (Vine Stalker Wizard)       Turns: 33755, Time: 06:20:28

Health: -2/81      AC: 22    Str: 11    XL:     16   Next: 89%
Magic:  0/33       EV: 21    Int: 23    God:    Ashenzari [*****.]
Gold:   1476       SH: 12    Dex: 16    Spells: 9/40 levels left

rFire    . . .     SeeInvis +   f - +9 scimitar (flame) (curse)
rCold    + . .     Gourm    .   G - +3 buckler {rC+}
rNeg     . . .     Faith    .   R - +4 troll leather armour {Snorg}
rPois    .         Spirit   +   l - +2 helmet (curse)
rElec    .         Reflect  +   w - +0 cloak
rCorr    .         Harm     .   q - +0 pair of gloves
MR       ++...     Clarity  +   C - +2 pair of boots {Stlth+}
Stlth    ++++......             F - +3 amulet of reflection
HPRegen  1.43/turn              P - +5 ring of protection (curse)
MPRegen  0.23/turn              x - ring of Phasing {EV+8} (curse)

@: lethally poisoned (-2 -> -3), about to teleport, constricted
A: fangs 3, rugged brown scales 1, blink, clever 1, regeneration 2, wild magic
1, magic shield, antimagic bite, no potion heal 3, rot immunity, MP-powered
wands
a: Blink, Curse Item, Scrying, Transfer Knowledge, Renounce Religion


You were on level 4 of the Snake Pit.
You worshipped Ashenzari.
Ashenzari was extremely pleased with you.
You were very hungry.

You visited 8 branches of the dungeon, and saw 31 of its levels.
You also visited: Bailey and Ice Cave.

You collected 3883 gold pieces.
You spent 2407 gold pieces at shops.

Inventory:

Hand Weapons
 f - a cursed +9 scimitar of flaming (weapon)
 p - a +4 scimitar of venom
 Y - a +2 long sword of holy wrath
Missiles
 o - 38 boomerangs (quivered)
 r - 58 poisoned darts
 J - 14 curare-tipped darts
 V - 8 javelins
Armour
 l - a cursed +2 helmet (worn)
 q - a +0 pair of gloves (worn)
 w - a +0 cloak (worn)
 C - a +2 pair of boots of stealth (worn)
 G - a +3 buckler of cold resistance (worn)
 K - a +1 leather armour of poison resistance
 R - a +4 troll leather armour (worn) {Snorg}
 X - the +1 ring mail of Zusiahic {rF+ Regen+}
   (You found it on level 6 of the Lair of Beasts)

   It protects you from fire.
   It increases your rate of regeneration.
Jewellery
 c - an uncursed ring of protection from fire
 g - the ring "Okojibb" {+Blink rElec rF- EV+1 SInv}
   (You found it on level 6 of the Lair of Beasts)

   [ring of evasion]

   It affects your evasion (+1).
   It makes you vulnerable to fire.
   It insulates you from electricity.
   It lets you see invisible.
   It lets you blink.
 x - the cursed ring of Phasing (right hand) {EV+8}
   (You bought it in a shop on level 8 of the Dungeon)

   [ring of evasion]

   It affects your evasion (+8).
   It has a curse placed upon it.
 E - an uncursed ring of fire
 F - a +3 amulet of reflection (around neck)
 H - an uncursed amulet of magic regeneration
 P - a cursed +5 ring of protection (left hand)
Wands
 e - a wand of iceblast (7)
 s - a wand of acid (9)
 B - a wand of disintegration (27)
 I - a wand of clouds (5)
 L - a wand of polymorph (14)
 O - a wand of flame (50)
 T - a wand of paralysis (8)
Scrolls
 h - a scroll of fog
 m - 2 scrolls of magic mapping
 n - a scroll of blinking
 v - a scroll of enchant armour
 y - 2 scrolls of identify
 D - a scroll of enchant weapon
 Q - a scroll of silence
 U - a scroll of holy word
 W - a scroll of remove curse
 Z - a scroll of teleportation
Potions
 a - 7 potions of brilliance
 b - 2 potions of lignification
 i - 4 potions of haste
 j - 8 potions of flight
 k - 4 potions of cancellation
 t - 3 potions of invisibility
 z - 4 potions of resistance
 A - 5 potions of stabbing
 M - a potion of ambrosia
 N - 3 potions of might
 S - 4 potions of curing
Miscellaneous
 u - a lightning rod (4/4)
Comestibles
 d - 54 rations


   Skills:
 + Level 6.8 Fighting
   Level 6.2(9.8) Short Blades
 + Level 11.7(15.8) Long Blades
   Level 1.1 Polearms
 - Level 3.2 Throwing
 + Level 6.4 Dodging
 - Level 6.0 Stealth
 + Level 7.1 Shields
 * Level 12.6 Spellcasting
 * Level 9.0(11.6) Conjurations
 - Level 5.6(8.3) Summonings
 + Level 4.0(6.5) Translocations
 + Level 7.3(10.0) Fire Magic
 * Level 7.2(9.9) Ice Magic
 + Level 9.3(11.9) Air Magic
 + Level 6.0(8.7) Poison Magic
 + Level 0.7(2.0) Evocations


You had 9 spell levels left.
You knew the following spells:

 Your Spells              Type           Power        Failure   Level  Hunger
a - Apportation           Tloc           ######       1%          1    None
b - Blink                 Tloc           N/A          1%          2    None
c - Mephitic Cloud        Conj/Pois/Air  ######..     1%          3    None
d - Magic Dart            Conj           ####         1%          1    None
e - Summon Lightning Spi  Summ/Air       ######..     1%          4    None
f - Conjure Flame         Conj/Fire      ######..     1%          3    None
g - Freezing Cloud        Conj/Ice/Air   ######....   13%         6    #####..
r - Fireball              Conj/Fire      ######....   3%          5    ###....
v - Poisonous Vapours     Pois/Air       ######       1%          2    None
y - Sticky Flame          Conj/Fire      ######..     1%          4    None

Your spell library contained the following spells:

 Spells                   Type           Power        Failure   Level  Hunger
 Foxfire                  Conj/Fire      ####         1%          1    None
 Summon Small Mammal      Summ           ####         1%          1    None
 Call Imp                 Summ           ######..     1%          2    None
 Call Canine Familiar     Summ           ######..     1%          3    None
 Gell's Gravitas          Tloc           ######....   2%          3    None
 Summon Ice Beast         Ice/Summ       ######..     2%          4    None
 Inner Flame              Hex/Fire       #####...     3%          3    None
 Summon Guardian Golem    Hex/Summ       #####...     4%          3    None
 Animate Skeleton         Necr           N/A          8%          1    None
 Corona                   Hex            ###....      8%          1    None
 Slow                     Hex            ###.....     12%         2    None
 Confusing Touch          Hex            ###.....     21%         3    None
 Metabolic Englaciation   Hex/Ice        #####.....   26%         5    ###....
 Petrify                  Tmut/Erth      ###.....     52%         4    None
 Yara's Violent Unravell  Hex/Tmut       ###.......   86%         5    ###....
 Ring of Flames           Chrm/Fire      #####.....   100%        7    ######.


Dungeon Overview and Level Annotations

Branches:
Dungeon (15/15)            Temple (1/1) D:5            Lair (6/6) D:11
  Swamp (1/4) Lair:3        Snake (4/4) Lair:2        Slime (0/5) Lair:6
    Orc (2/2) D:12            Elf (1/3) Orc:2        Vaults (0/5) D:13
 Depths (1/5) D:15         Bailey (visited)           IceCv (visited)

Altars:
Ashenzari
Cheibriados
Dithmenos
Elyvilon
Fedhas
Gozag
Hepliaklqana
Kikubaaqudgha
Makhleb
Nemelex Xobeh
Okawaru
Qazlal
Ru
Sif Muna
Trog
Uskayaw
Vehumet
Wu Jian
Xom
Yredelemnul
Zin
The Shining One
Beogh

Shops:
D:6 [   D:8 !*=%   D:11 %   D:12 [   Orc:2 *([=   Snake:2 %

Annotations:
Lair:2 3 runed translucent doors, TrebMcFLY's ghost, journeyman OpFi
Lair:4 3 runed translucent doors, gruber's ghost, journeyman GnTm


Innate Abilities, Weirdness & Mutations

You have razor-sharp teeth.
You heal very quickly.
When hurt, damage is shared between your health and your magic reserves.
Your bite disrupts and absorbs the magic of your enemies.
Potions cannot restore your health.
You are immune to rotting.
You are partially covered in rugged brown scales. (AC +1, +3% HP)
You can translocate small distances at will.
Your mind is acute. (Int +2)
Your spells are a little harder to cast, but a little more powerful.
You expend magic power (3 MP) to strengthen your wands.


Message History

* * * LOW HITPOINT WARNING * * *
You escape the naga warrior's grasp.
You feel sick.
The naga warrior burns!
The naga warrior stops burning.
The naga warrior burns!
The naga warrior hits you with a cursed -2 war axe.
* * * LOW HITPOINT WARNING * * *
The naga warrior grabs you.
You stop ascending the stairs.
* * * LOW HITPOINT WARNING * * *
The naga warrior constricts you. You block the salamander's attack.
The naga sharpshooter spits poison at you.
The splash of poison misses you.
As you read the scroll of teleportation, it crumbles to dust.
You feel strangely unstable.
You feel sick.
The naga warrior burns!
Your lightning spire disappears in a puff of smoke!
The naga warrior completely misses you. You block the naga warrior's attack.
* * * LOW HITPOINT WARNING * * *
The naga warrior constricts you.
The naga sharpshooter mumbles some strange words.
The naga sharpshooter magically shoots a bolt.
The bolt hits you!
You die...

, ..# ,,(.. *
,...#* * ...# *
*######*{...# ***
**** , #....###...#
* , ,,, ,
#....#.....# *, ,
*,,, *#......N...#
, ,,,
,,*#...§N@N...#**,
, ,,,
#....))....#*,,,,
,, #..)N§§§...##,,,
,,, ,, ,
#....§§§§.....,,,,
, , * ,
*#..§☼§§§......,, ,
* ,
#....§☼N......., ,
,,?.....(.N)......
, ,, *
,,................,
,................ ,
,


You could see 2 naga warriors, a naga sharpshooter, a salamander and 2 nagas.

Vanquished Creatures
  Jorgrun (D:14)
  Gastronok (Lair:1)
  An orc warlord (Orc:2)
  Nessos (D:13)
  5 dire elephants (Lair:6)
  Snorg (D:11)
  A yaktaur captain (D:15)
  5 hydras
  An ice dragon (D:15)
  4 vault guards (D:13)
  5 anacondas
  A catoblepas (Lair:6)
  4 naga warriors
  3 two-headed ogres
  A death knight (D:11)
  Erica (D:11)
  3 centaur warriors
  2 tengu warriors (D:13)
  Urug (Orc:2)
  A vampire mage (D:15)
  13 shock serpents
  7 naga sharpshooters
  Nergalle (D:11)
  3 unseen horrors
  3 naga ritualists
  3 orc knights (Orc:2)
  An orc sorcerer (Orc:2)
  5 mana vipers (Snake:3)
  3 deep elf magi
  An ugly thing (D:11)
  5 manticores
  4 salamanders
  2 cyclopes
  13 elephants
  Joseph (D:9)
  4 guardian serpents
  2 centaur zombies
  Psyche (D:11)
  10 naga magi
  28 black mambas
  6 spiny frogs
  A gargoyle (D:13)
  2 ice statues (IceCv)
  A rime drake (Lair:5)
  An efreet (D:13)
  7 komodo dragons
  2 kobold demonologists (D:14)
  2 ice devils (IceCv)
  3 trolls
  A tengu conjurer (D:15)
  A wind drake (shapeshifter) (D:15)
  A polar bear (Lair:5)
  3 meliai (D:13)
  A hornet (D:13)
  8 slime creatures (D:15)
  8 blink frogs (Lair:5)
  7 hippogriffs
  A wraith (D:11)
  2 shadows
  2 wyverns
  22 yaks
  Sigmund (D:2)
  A spriggan (D:8)
  A hungry ghost (D:12)
  Grum (D:9)
  4 basilisks
  20 nagas
  A warg (D:12)
  Edmund (D:4)
  15 water moccasins
  Duvessa (D:4)
  27 orc warriors
  2 porcupines (Lair:4)
  2 sky beasts
  2 swamp drakes
  2 necrophages
  8 ice beasts (Lair:5)
  12 ogres
  A phantom (D:9)
  3 black bears
  12 wolves
  4 centaurs
  5 crocodiles
  2 big kobolds
  10 gnoll sergeants
  Blork the orc (D:5)
  16 bullfrogs
  Dowan (D:4)
  A wyvern skeleton (D:14)
  A water moccasin skeleton (D:6)
  4 killer bees
  3 howler monkeys
  5 wights (D:6)
  8 crimson imps
  A bullfrog zombie (D:9)
  11 hounds
  5 jellies
  Crazy Yiuf (D:2)
  16 orc priests
  3 bullfrog skeletons
  4 centaur skeletons
  6 gnoll shamans (Bailey)
  An iron imp (D:9)
  3 iguanas
  28 orc wizards
  18 worker ants
  A killer bee zombie (D:5)
  2 hound zombies
  A hound skeleton (D:4)
  2 worker ant zombies
  21 gnolls
  11 adders
  3 shadow imps
  6 white imps
  3 ufetubi (IceCv)
  2 oozes (D:1)
  An adder skeleton (D:5)
  2 worms (D:3)
  2 dart slugs
  8 leopard geckos
  108 orcs
  4 giant cockroaches
  13 goblins
  4 hobgoblins
  8 jackals
  12 kobolds
  A quokka (D:4)
  2 ball pythons
  8 bats
  3 frilled lizards
  A leopard gecko skeleton (D:4)
  A leopard gecko zombie (D:6)
  A quokka skeleton (D:4)
  9 rats
  3 plants (Lair:6)
753 creatures vanquished.

Vanquished Creatures (collateral kills)
  A nagaraja (Snake:2)
  Aizul (Snake:1)
  A reaper (IceCv)
  A dire elephant (Lair:6)
  2 naga warriors
  A rakshasa (D:15)
  A hydra (Lair:1)
  An anaconda (Snake:1)
  A two-headed ogre (D:11)
  A tengu warrior (D:15)
  An orc high priest (Orc:2)
  Sonja (Lair:1)
  2 naga sharpshooters
  A salamander mystic (Snake:2)
  2 naga ritualists
  4 mana vipers
  An orc knight (Orc:2)
  3 orc sorcerers (Orc:2)
  An ugly thing (D:12)
  An elephant (Lair:6)
  5 salamanders
  3 black mambas
  2 naga magi (Snake:2)
  A gargoyle (D:12)
  2 spiny frogs (Lair:1)
  A komodo dragon (Lair:1)
  A yaktaur (D:15)
  5 ice devils (IceCv)
  A troll (D:15)
  A hippogriff (Lair:6)
  5 blink frogs (Lair:5)
  4 yaks
  2 acid dragons (D:15)
  9 nagas
  3 water moccasins
  A porcupine (Lair:1)
  4 orc warriors
  A wolf (Lair:1)
  2 bullfrogs (Lair:1)
  A wyvern zombie (D:15)
  2 hounds (Lair:1)
  3 orc wizards (Orc:2)
  A gnoll (D:10)
  4 white imps (IceCv)
  3 ufetubi (IceCv)
  An orc (Orc:2)
  A ball python (Lair:2)
97 creatures vanquished.

Vanquished Creatures (others)
  A naga sharpshooter (Snake:2)
  A salamander (Snake:4)
  A howler monkey (D:9)
  A crimson imp (D:6)
  An orc wizard (D:9)
  An iguana (D:6)
  3 white imps (IceCv)
  3 ufetubi (IceCv)
  3 orcs (D:9)
  A fungus (Lair:4)
  A plant (Lair:6)
17 creatures vanquished.

Grand Total: 867 creatures vanquished

Notes
Turn   | Place    | Note
-------+----------+-------------------------------------------
     0 | D:1      | Esekla the Vine Stalker Wizard began the quest for the Orb.
     0 | D:1      | Reached XP level 1. HP: 9/9 MP: 5/5
   513 | D:1      | Reached XP level 2. HP: 11/14 MP: 5/7
   882 | D:1      | Reached skill level 4 in Spellcasting
   882 | D:1      | Reached XP level 3. HP: 16/17 MP: 7/9
   890 | D:1      | Learned a level 2 spell: Blink
   894 | D:1      | Learned a level 3 spell: Mephitic Cloud
   898 | D:1      | Learned a level 3 spell: Conjure Flame
  1340 | D:2      | Noticed Sigmund
  1778 | D:3      | Gained mutation: Your natural rate of healing is unusually
                  | fast. [Vine Stalker growth]
  1778 | D:3      | Reached XP level 4. HP: 10/21 MP: 4/11
  2136 | D:2      | Reached skill level 1 in Fighting
  2211 | D:2      | Found a runed translucent door.
  2212 | D:2      | Noticed Crazy Yiuf
  2255 | D:2      | Killed Crazy Yiuf
  2255 | D:2      | Reached skill level 1 in Short Blades
  2255 | D:2      | Reached XP level 5. HP: 21/25 MP: 5/12
  2378 | D:2      | Found an ancient bone altar of Kikubaaqudgha.
  2542 | D:2      | Killed Sigmund
  2542 | D:2      | Reached skill level 1 in Air Magic
  2542 | D:2      | Reached skill level 1 in Poison Magic
  2542 | D:2      | Reached XP level 6. HP: 30/30 MP: 11/14
  2740 | D:4      | Reached XP level 7. HP: 34/34 MP: 5/15
  2873 | D:4      | Noticed Edmund
  2887 | D:4      | Killed Edmund
  2887 | D:4      | Reached skill level 5 in Spellcasting
  2957 | D:4      | Found the +5 robe of Night {Dark MR+ SInv}
  3201 | D:4      | Noticed Duvessa
  3210 | D:4      | Noticed Dowan
  3212 | D:4      | Killed Duvessa
  3221 | D:4      | Killed Dowan
  3221 | D:4      | Gained mutation: You have razor-sharp teeth. [Vine Stalker
                  | growth]
  3221 | D:4      | Reached XP level 8. HP: 35/39 MP: 11/16
  3541 | D:4      | Got a crude ring mail
  3766 | D:4      | Identified the +1 ring mail of Polish {Stlth+} (You found
                  | it on level 4 of the Dungeon)
  3792 | D:5      | Entered Level 5 of the Dungeon
  3914 | D:5      | Found a staircase to the Ecumenical Temple.
  4005 | Temple   | Entered the Ecumenical Temple
  4030 | Temple   | Became a worshipper of Ashenzari the Shackled
  4842 | D:6      | Noticed Blork the orc
  4861 | D:5      | Killed Blork the orc
  4973 | D:6      | Found a snail-covered altar of Cheibriados.
  5024 | D:6      | Gained mutation: You are frail. (-10% HP) [potion of
                  | mutation]
  5024 | D:6      | Gained mutation: You are agile. (Dex +2) [potion of
                  | mutation]
  5025 | D:6      | Lost mutation: You are frail. (-10% HP) [potion of
                  | mutation]
  5025 | D:6      | Lost mutation: You are agile. (Dex +2) [potion of mutation]
  5025 | D:6      | Gained mutation: Your magical capacity is low. (-10% MP)
                  | [potion of mutation]
  5025 | D:6      | Gained mutation: You are robust. (+10% HP) [potion of
                  | mutation]
  5042 | D:6      | Found Uneni's Armour Boutique.
  5452 | D:7      | Reached skill level 1 in Throwing
  5452 | D:7      | Reached XP level 9. HP: 48/48 MP: 10/16
  5581 | D:8      | Reached skill level 5 in Short Blades
  5683 | D:8      | Learned a level 1 spell: Apportation
  6225 | D:8      | Reached skill level 1 in Fire Magic
  6248 | D:8      | Found Budedded's General Store.
  6258 | D:8      | Found Gevus's Distillery.
  6264 | D:8      | Bought a potion of degeneration for 11 gold pieces
  6270 | D:8      | Lost mutation: Your magical capacity is low. (-10% MP)
                  | [potion of mutation]
  6270 | D:8      | Lost mutation: You are robust. (+10% HP) [potion of
                  | mutation]
  6270 | D:8      | Gained mutation: You have a pair of small horns on your
                  | head. [potion of mutation]
  6270 | D:8      | Gained mutation: Your body sometimes deteriorates upon
                  | taking damage. [potion of mutation]
  6270 | D:8      | Gained mutation: You are partially covered in rugged brown
                  | scales. (AC +1, +3% HP) [potion of mutation]
  6271 | D:8      | Lost mutation: Your body sometimes deteriorates upon taking
                  | damage. [potion of mutation]
  6271 | D:8      | Lost mutation: You have a pair of small horns on your head.
                  | [potion of mutation]
  6271 | D:8      | Gained mutation: Your spells are a little harder to cast,
                  | but a little more powerful. [potion of mutation]
  6271 | D:8      | Gained mutation: Your mind is acute. (Int +2) [potion of
                  | mutation]
  6271 | D:8      | Gained mutation: You can translocate small distances at
                  | will. [potion of mutation]
  6271 | D:8      | Gained mutation: You expend magic power (3 MP) to
                  | strengthen your wands. [potion of mutation]
  6378 | D:8      | Found Lixotyel's Food Boutique.
  6463 | D:8      | Found an ornate altar of the Wu Jian Council.
  6522 | D:8      | Reached * piety under Ashenzari
  6554 | D:8      | Found a white marble altar of Elyvilon.
  6559 | D:8      | Found a blossoming altar of Fedhas.
  6561 | D:8      | Found a glowing golden altar of the Shining One.
  6610 | D:8      | Found Huucok Netu's Jewellery Emporium.
  6616 | D:8      | Identified the cursed +1 ring mail of the Evening Star {rN+
                  | rCorr Int+2}
  7176 | D:9      | Noticed a cyclops
  7200 | D:9      | Reached skill level 6 in Spellcasting
  7302 | D:9      | Noticed Grum
  7321 | D:9      | Killed Grum
  7419 | D:9      | Killed a cyclops
  7419 | D:9      | Reached XP level 10. HP: 47/50 MP: 20/20
  7481 | D:9      | Noticed Joseph
  7485 | D:9      | Found a glowing silver altar of Zin.
  7497 | D:9      | Killed Joseph
  7710 | D:9      | Reached skill level 5 in Air Magic
  7739 | D:9      | Reached skill level 5 in Poison Magic
  7768 | D:9      | Found a radiant altar of Vehumet.
  7769 | D:9      | Found a burning altar of Makhleb.
  7864 | D:9      | Noticed a deep elf mage
  7880 | D:9      | Killed a deep elf mage
  7944 | D:9      | Noticed a deep elf mage
  7959 | D:9      | Killed a deep elf mage
  8011 | D:9      | Learned a level 4 spell: Summon Lightning Spire
  8226 | D:9      | Found a bloodstained altar of Trog.
  8376 | D:8      | Bought a +5 ring of protection for 660 gold pieces
  8527 | D:10     | Entered Level 10 of the Dungeon
  8575 | D:10     | Noticed a manticore
  8718 | D:10     | Killed a manticore
  9017 | D:10     | Reached XP level 11. HP: 48/54 MP: 22/22
  9219 | D:10     | Found a shimmering altar of Xom.
  9382 | D:10     | Reached ** piety under Ashenzari
  9730 | D:9      | Reached skill level 5 in Stealth
  9792 | D:9      | Reached skill level 7 in Spellcasting
 10233 | D:11     | Found Ikhleppe's Food Shoppe.
 10382 | D:11     | Noticed Snorg
 10439 | D:11     | Killed Snorg
 10530 | D:11     | Noticed a manticore
 10550 | D:11     | Killed a manticore
 10622 | D:11     | Noticed an unseen horror
 10653 | D:11     | Killed an unseen horror
 10686 | D:11     | Noticed a death knight
 10712 | D:11     | Killed a death knight
 10789 | D:11     | Noticed a brown ugly thing
 11139 | D:6      | Found a shimmering altar of Xom.
 11641 | D:11     | Noticed Erica
 11701 | D:11     | Killed Erica
 11763 | D:11     | Noticed Nergalle
 11807 | D:11     | Noticed a manticore
 11981 | D:11     | Noticed Psyche
 11998 | D:11     | Killed Psyche
 11998 | D:11     | Gained mutation: You heal very quickly. [Vine Stalker
                  | growth]
 11998 | D:11     | Reached XP level 12. HP: 59/59 MP: 24/24
 12051 | D:11     | Killed Nergalle
 12051 | D:11     | Reached skill level 1 in Long Blades
 12148 | D:11     | Noticed a two-headed ogre
 12204 | D:11     | Killed a two-headed ogre
 12358 | D:11     | Found a staircase to the Lair.
 12393 | Lair:1   | Entered Level 1 of the Lair of Beasts
 12408 | Lair:1   | Noticed a five-headed hydra
 12598 | D:12     | Noticed a two-headed ogre
 12610 | D:12     | Killed a two-headed ogre
 13063 | D:12     | Reached skill level 8 in Spellcasting
 13160 | D:12     | Found Rurchamy's Antique Armour Emporium.
 13166 | D:12     | Noticed a two-headed ogre
 13342 | D:12     | Found a staircase to the Orcish Mines.
 13461 | D:12     | Killed a two-headed ogre
 13461 | D:12     | Reached skill level 1 in Polearms
 13579 | D:12     | Reached *** piety under Ashenzari
 13710 | D:13     | Found a flagged portal.
 13710 | D:13     | Noticed Nessos
 13736 | D:13     | Killed Nessos
 13769 | Bailey   | Entered a bailey
 13977 | Bailey   | Reached skill level 5 in Fire Magic
 14247 | D:13     | Reached skill level 5 in Long Blades
 14282 | D:13     | HP: 3/60 [meliai/+5 broad axe (3)]
 14370 | D:13     | Reached skill level 5 in Summonings
 14572 | D:13     | Noticed a tengu warrior
 14573 | D:13     | Noticed a tengu warrior
 14602 | D:13     | Killed a tengu warrior
 14602 | D:13     | Reached XP level 13. HP: 64/64 MP: 26/26
 14618 | D:13     | Noticed a vault guard
 14638 | D:13     | Killed a vault guard
 14638 | D:13     | Reached skill level 5 in Fighting
 14873 | D:13     | Noticed a vault guard
 14889 | D:13     | Killed a vault guard
 14904 | D:13     | Noticed a vault guard
 14930 | D:13     | Noticed a vault guard
 14943 | D:13     | Killed a vault guard
 15030 | D:13     | Found a gate to the Vaults.
 15100 | D:13     | Killed a vault guard
 15384 | Lair:1   | Noticed Sonja
 15393 | Lair:1   | Killed Sonja
 15723 | Lair:1   | Noticed Gastronok
 15774 | Lair:1   | Reached skill level 9 in Spellcasting
 15790 | Lair:1   | Killed Gastronok
 15907 | Lair:1   | Found an iron altar of Okawaru.
 16246 | Lair:2   | Found a runed translucent gate.
 16246 | Lair:2   | Found a runed translucent gate.
 16246 | Lair:2   | Found a runed translucent gate.
 16246 | Lair:2   | Reached **** piety under Ashenzari
 16497 | Lair:2   | Noticed TrebMcFLY's ghost (journeyman OpFi)
 16602 | Lair:2   | Learned a level 4 spell: Sticky Flame
 16608 | Lair:2   | Learned a level 5 spell: Fireball
 16714 | Lair:2   | Found a staircase to the Snake Pit.
 17175 | Lair:3   | Reached skill level 5 in Dodging
 17195 | Lair:3   | Reached ***** piety under Ashenzari
 17303 | Lair:3   | Found a staircase to the Swamp.
 17378 | Swamp:1  | Entered Level 1 of the Swamp
 17450 | Lair:3   | Reached skill level 5 in Conjurations
 17551 | Lair:3   | Reached XP level 14. HP: 67/70 MP: 24/28
 17557 | Lair:3   | Learned a level 2 spell: Poisonous Vapours
 17564 | Lair:3   | Learned a level 6 spell: Freezing Cloud
 18090 | D:8      | Bought the ring of Phasing {EV+8} for 1536 gold pieces
 18090 | D:8      | Found the ring of Phasing {EV+8}
 18165 | Orc:1    | Entered Level 1 of the Orcish Mines
 18680 | Orc:2    | Entered Level 2 of the Orcish Mines
 19092 | Orc:2    | Found a staircase to the Elven Halls.
 19101 | Elf:1    | Entered Level 1 of the Elven Halls
 19170 | Orc:2    | Reached skill level 1 in Ice Magic
 19287 | Orc:2    | Noticed an orc warlord
 19489 | Orc:2    | Killed an orc warlord
 19563 | Orc:2    | Noticed Urug
 19666 | Orc:2    | Killed Urug
 19821 | Orc:2    | Found a roughly hewn altar of Beogh.
 19862 | Orc:2    | Found Heecvod's General Store.
 19877 | Orc:2    | Found Ycvya's Antique Weapon Emporium.
 19984 | Orc:2    | Found Qeqett's Antique Armour Emporium.
 20002 | Orc:2    | Found Esystaqiem's Jewellery Emporium.
 20128 | Orc:2    | Found a roughly hewn altar of Beogh.
 20489 | Orc:2    | Identified the +7 quarterstaff "Ytaerump" {pain, *Slow
                  | rPois Int+2} (You found it on level 7 of the Dungeon)
 20526 | D:12     | Bought an ancient leather armour for 140 gold pieces
 20600 | Orc:2    | Bought a scroll of identify for 30 gold pieces
 20600 | Orc:2    | Bought a scroll of identify for 30 gold pieces
 20891 | Lair:4   | Reached skill level 10 in Spellcasting
 21003 | Lair:4   | Noticed gruber's ghost (journeyman GnTm)
 21019 | Lair:4   | Found a runed translucent gate.
 21019 | Lair:4   | Found a runed translucent gate.
 21019 | Lair:4   | Found a runed translucent gate.
 21842 | Lair:5   | Reached skill level 10 in Long Blades
 21850 | Lair:5   | Reached ****** piety under Ashenzari
 21866 | Lair:5   | Found a frozen archway.
 21918 | IceCv    | Entered an ice cave
 22546 | IceCv    | Reached skill level 1 in Shields
 22627 | IceCv    | Noticed a reaper
 22663 | IceCv    | Killed a reaper
 23204 | Lair:5   | Reached skill level 5 in Shields
 23965 | Lair:6   | Entered Level 6 of the Lair of Beasts
 24346 | Lair:6   | Found a staircase to the Slime Pits.
 24379 | Lair:6   | Got the uncursed ring mail of Zusiahic {rF+ Regen+}
 24392 | Lair:6   | Identified the +1 ring mail of Zusiahic {rF+ Regen+} (You
                  | found it on level 6 of the Lair of Beasts)
 25160 | Lair:6   | Reached XP level 15. HP: 75/75 MP: 28/30
 25612 | Lair:6   | Identified the ring "Okojibb" {+Blink rElec rF- EV+1 SInv}
 25612 | Lair:6   | Identified the +8 quarterstaff of Execution {vorpal, Str+2}
 26837 | D:14     | Noticed Jorgrun
 26861 | D:14     | Killed Jorgrun
 27407 | D:15     | Entered Level 15 of the Dungeon
 27500 | D:15     | Reached skill level 11 in Spellcasting
 27707 | D:15     | Found a staircase to the Depths.
 27877 | D:15     | Identified the +2 robe of the Shore {rN+}
 28224 | D:15     | Reached skill level 5 in Ice Magic
 28486 | Depths:1 | Entered Level 1 of the Depths
 28501 | Depths:1 | Noticed a fire giant
 28645 | Snake:1  | Entered Level 1 of the Snake Pit
 29361 | Snake:1  | Noticed Aizul
 29765 | Snake:1  | Reached XP level 16. HP: 34/81 MP: 9/32
 29845 | Snake:1  | Killed Aizul
 30160 | Snake:1  | Upgraded the game from 0.25-a0-869-g05d4e06a41 to
                  | 0.25-a0-875-geaba134f46
 30794 | Snake:2  | Noticed a nagaraja
 30814 | Snake:2  | Killed a nagaraja
 30997 | Snake:2  | Found Fesch's Food Emporium.
 31072 | Snake:2  | Reached skill level 12 in Spellcasting
 33719 | Snake:4  | Entered Level 4 of the Snake Pit
 33755 | Snake:4  | Shot with a bolt by a naga sharpshooter

Levels and vault maps discovered:
D:1:      dpeg_arrival_castle, layout_basic
D:2:      layout_rooms, nicolae_overflow_crystal_walls,
          minmay_misc_feat_diagonals, serial_park_tiny_2, minmay_tetromino_i4,
          uniq_crazy_yiuf_cottage, uniq_sigmund
D:3:      layout_basic, chequers_serial_rivers_small_3
D:4:      kennysheep_the_goblin_king, layout_loops_corners, first_ration,
          uniq_duvessa, uniq_edmund
D:5:      layout_loops_ring, minmay_temple_entry_stoned_glass,
          kennysheep_generic_room_14
D:6:      layout_cave_pools, lemuel_round_altar, serial_shops, shop,
          amethyst_killhole, xom_confusion_cloud, uniq_blork_the_orc
D:7:      layout_basic
D:8:      layout_cave_pods, minitemple, lemuel_doored_altar, serial_shops, shop,
          shop, shop, shop, the_bakery
D:9:      layout_rooms, grunt_temple_overflow_lords_of_destruction,
          nicolae_overflow_hidden_temple, trog_ov_bears_minmay, special_room
          [special_room_orc], hangedman_minor_magic, uniq_joseph, uniq_grum
D:10:     layout_basic, lemuel_altar_in_water
D:11:     layout_stronghold, lair_entry_dummy, serial_shops, nicolae_shop_stone,
          uniq_psyche, uniq_snorg, uniq_nergalle, uniq_erica
D:12:     layout_gridville, orc_0_dummy, serial_shops, shop
D:13:     layout_loops_ring, lightli_vaults_fourway_checkpoint, enter_bailey_7,
          uniq_nessos
D:14:     layout_grid_maze, minmay_misc_feat_doors, uniq_jorgrun
D:15:     grunt_enter_depths_snipers, layout_loops_ring, dk_noncrumbling_4,
          minmay_misc_feat_four_crosses
Temple:   minmay_temple_forest_path
Lair:1:   beast_lair_carwin_large_3, layout_hall_layers, basic_altar,
          serial_bayou_crossing, grunt_megastairs_5, uniq_sonja, uniq_gastronok
Lair:2:   layout_regular_city, minmay_snake_entry_six_corridors,
          gammafunk_ghost_icy
Lair:3:   layout_gridlike, minmay_swamp_entry_reptiles,
          nicolae_quartered_pool_super, st_stairs_11
Lair:4:   layout_cave_pods, maelrawn_ghost_gauntlet_escape,
          serial_bayou_shore_b, lemuel_fruit_tree, infiniplex_staircase_pool_2
Lair:5:   layout_cave_pods, portal_ice_cave_entry_ice_beasts
Lair:6:   due_jungle_book, layout_cave_pods, slime_dummy
Swamp:1:  layout_falls_marsh, evilmike_swamp_ruin_house_2,
          infiniplex_staircase_pool
Snake:1:  layout_misc_corridors, uniq_aizul
Snake:2:  layout_chambers, serial_shops, shop, grunt_megastairs_2
Snake:3:  layout_cave_town, drop_trap
Snake:4:  minmay_snake_end_coiled, layout_onion, minmay_shoptagon, uniq_nikola
Orc:1:    layout_caves, sword_in_stone
Orc:2:    grunt_orc_cross, layout_diamond_mine, minmay_orc_temple_b
Elf:1:    eino_elf_arrival_sip, layout_loops_corners, minivault_28
Depths:1: layout_forbidden_donut, serial_bayou, serial_bayou_lagoon_a,
          serial_bayou_shore_a, serial_bayou_shore_b, serial_bayou_pond_e,
          grunt_hell_entry_dis_mu, hangedman_corner_corridor,
          serial_bayou_shore_b

Skill      XL: |  1  2  3  4  5  6  7  8  9 10 11 12 13 14 15 16 |
---------------+-------------------------------------------------+-----
Spellcasting   | 4 5 6 7 8 9 10 11 12 | 12.6
Fighting       | 1 2 3 4 5 6 |  6.8
Short Blades   | 1 2 3 4 6 7 9 6 |  6.2
Air Magic      | 1 2 3 4 5 6 7 8 9 |  9.3
Poison Magic   | 1 2 3 4 5 6 |  6.0
Dodging        | 2 3 4 5 6 |  6.4
Translocations | 2 3 4 |  4.0
Conjurations   | 2 3 4 5 6 7 9 |  9.0
Throwing       | 1 2 3 |  3.2
Fire Magic     | 1 3 5 6 7 |  7.3
Stealth        | 3 4 5 6 |  6.0
Summonings     | 3 5 |  5.6
Long Blades    | 5 9 10 11 | 11.7
Polearms       | 1 |  1.1
Ice Magic      | 3 5 7 |  7.2
Shields        | 6 7 |  7.1
Evocations     | |  0.7

Action                   |  1- 3 |  4- 6 |  7- 9 | 10-12 | 13-15 | 16-18 || total
-------------------------+-------+-------+-------+-------+-------+-------++-------
Melee: Short sword       |    53 |    63 |   276 |   477 |       |       ||   869
       Bite              |    11 |     8 |    83 |   195 |   227 |    51 ||   575
       Scimitar          |       |       |       |   253 |   786 |   186 ||  1225
       Spear             |       |       |       |    14 |     7 |       ||    21
Throw: Dart              |       |     6 |    43 |   157 |   208 |       ||   414
       Boomerang         |       |       |       |       |    24 |    57 ||    81
 Cast: Magic Dart        |    26 |     4 |    10 |    26 |    14 |       ||    80
       Blink             |       |     2 |     7 |    11 |     5 |     1 ||    26
       Mephitic Cloud    |       |     2 |    12 |    54 |    35 |       ||   103
       Conjure Flame     |       |       |     2 |    11 |     8 |     1 ||    22
       Summon Lightning  |       |       |       |     7 |    65 |    24 ||    96
       Apportation       |       |       |       |     1 |     5 |       ||     6
       Sticky Flame      |       |       |       |       |   123 |    57 ||   180
       Freezing Cloud    |       |       |       |       |     1 |     6 ||     7
       Poisonous Vapours |       |       |       |       |     1 |       ||     1
Invok: Curse Item        |       |       |     2 |     2 |     2 |       ||     6
       Transfer Knowledg |       |       |       |       |     1 |       ||     1
Evoke: Lightning rod     |       |       |       |       |     8 |       ||     8
       Wand              |       |       |       |       |    12 |       ||    12
  Use: Scroll            |       |       |     5 |    15 |    19 |     2 ||    41
       Potion            |       |       |     7 |     1 |     1 |     2 ||    11
 Stab: Sleeping          |     3 |     1 |     6 |    12 |    12 |     3 ||    37
       Confused          |       |       |     2 |    27 |    17 |       ||    46
       Distracted        |       |       |       |     2 |    14 |     8 ||    24
  Eat: Chunk             |     3 |     2 |    13 |    24 |    42 |    10 ||    94
       Ration            |       |       |     1 |     1 |     3 |     1 ||     6
Armor: Robe              |    10 |    20 |    69 |    99 |       |       ||   198
       Troll leather arm |       |       |       |   165 |   206 |    62 ||   433
Dodge: Dodged            |    37 |    33 |   144 |   453 |   583 |   189 ||  1439
Block: Buckler           |       |       |       |       |   155 |   143 ||   298
       Reflection        |       |       |       |       |    11 |    17 ||    28
       Rpst.: Scimitar   |       |       |       |    56 |   148 |    31 ||   235

Table legend:
 A = Non-vault XP
 B = Vault XP
 C = Vault XP percentage of total XP
 D = Non-vault monster count
 E = Vault monster count
 F = Vault count percentage of total count
                 A         B        C        D         E       F
            +---------+---------+-------+---------+---------+-------
      Total |  134244 |   41467 |  23.6 |     597 |     253 |  29.8
            +---------+---------+-------+---------+---------+-------
        D:1 |      39 |       0 |   0.0 |      19 |       0 |   0.0
        D:2 |      18 |     256 |  93.4 |      10 |       6 |  37.5
        D:3 |      74 |       0 |   0.0 |      15 |       0 |   0.0
        D:4 |     631 |     405 |  39.1 |      21 |      10 |  32.3
        D:5 |     127 |     137 |  51.9 |       8 |       3 |  27.3
        D:6 |     794 |     196 |  19.8 |      15 |       7 |  31.8
        D:7 |     631 |     122 |  16.2 |      15 |       1 |   6.2
        D:8 |     484 |     205 |  29.8 |      22 |       1 |   4.3
        D:9 |    2037 |    3359 |  62.2 |      26 |      47 |  64.4
       D:10 |    2327 |       0 |   0.0 |      36 |       0 |   0.0
       D:11 |    6359 |    3196 |  33.4 |      25 |       4 |  13.8
       D:12 |    6111 |       0 |   0.0 |      40 |       0 |   0.0
       D:13 |    6831 |    6005 |  46.8 |      27 |      17 |  38.6
       D:14 |    3367 |    2950 |  46.7 |      11 |       1 |   8.3
       D:15 |    9396 |    2284 |  19.6 |      25 |       3 |  10.7
     Lair:1 |    5387 |    3064 |  36.3 |      18 |      12 |  40.0
     Lair:2 |    2074 |    1120 |  35.1 |      10 |      12 |  54.5
     Lair:3 |    3363 |     473 |  12.3 |      14 |       5 |  26.3
     Lair:4 |    3916 |       0 |   0.0 |      20 |       0 |   0.0
     Lair:5 |    7231 |    1034 |  12.5 |      27 |       8 |  22.9
     Lair:6 |   11153 |    2887 |  20.6 |      23 |       5 |  17.9
    Snake:1 |   16976 |    1277 |   7.0 |      35 |       1 |   2.8
    Snake:2 |   21188 |    1267 |   5.6 |      48 |       2 |   4.0
    Snake:3 |   19077 |       0 |   0.0 |      37 |       0 |   0.0
    Snake:4 |    1955 |       0 |   0.0 |       9 |       0 |   0.0
      Orc:1 |     764 |     617 |  44.7 |      18 |       5 |  21.7
      Orc:2 |    1934 |    6224 |  76.3 |      23 |      48 |  67.6
     Bailey |       0 |    1057 | 100.0 |       0 |      30 | 100.0
      IceCv |       0 |    3332 | 100.0 |       0 |      25 | 100.0
            +---------+---------+-------+---------+---------+-------
